 Dungeon Crawl Stone Soup version 0.17-a0-491-gbd49765 (webtiles) character file.

586 inmateoo the Grappler (level 7, -8/42 HPs)
             Began as a Gargoyle Monk on Apr 10, 2015.
             Was a Believer of Cheibriados.
             Killed by divine providence
             ... invoked by an orc priest
              (17 damage)
             ... on level 3 of the Dungeon.
             The game lasted 00:06:07 (1935 turns).

inmateoo the Grappler (Gargoyle Monk)               Turns: 1935, Time: 00:06:07

Health: -8/42      AC: 17    Str: 19    XL:     7   Next: 37%
Magic:  7/7        EV: 17    Int: 22    God:    Cheibriados [**....]
Gold:   27         SH:  0    Dex: 21    Spells: 0 memorised, 6 levels left

rFire  . . .     SeeInvis .     f - +0 flail (protect)
rCold  . . .     Clarity  .     i - +0 ring mail
rNeg   + + .     SustAb   .     (no shield)
rPois  ∞         Gourm    .     s - +0 helmet
rElec  +         Spirit   .     (no cloak)
rCorr  .         Warding  .     a - +0 pair of gloves
rMut   .         Stasis   .     (no boots)
MR     .....                    (no amulet)
Stlth  +++.......               q - +6 ring of intelligence
                                d - ring of positive energy

@: agile, very slow, not resistant to hostile enchantments, fairly stealthy
A: negative energy resistance 1, electricity resistance, unbreathing,
petrification resistance, rot immunity, AC +4
a: Bend Time, Renounce Religion


You were on level 3 of the Dungeon.
You worshipped Cheibriados.
Cheibriados was pleased with you.
You were hungry.

You visited 2 branches of the dungeon, and saw 7 of its levels.

You collected 27 gold pieces.

Inventory:

Hand weapons
 f - a +0 flail of protection (weapon)
Armour
 a - a +0 pair of gloves (worn)
 i - a +0 ring mail (worn)
 s - a +0 helmet (worn)
Jewellery
 d - a ring of positive energy (left hand)
 j - an uncursed ring of positive energy
 q - a +6 ring of intelligence (right hand)
Magical devices
 o - a wand of confusion (21)
Scrolls
 e - a scroll of random uselessness
 g - 4 scrolls of remove curse
 h - a scroll of fog {unknown}
 m - a scroll of recharging {unknown}
Comestibles
 b - 2 bread rations
 n - a slice of pizza
 p - a meat ration


   Skills:
 + Level 3.7 Fighting
 + Level 1.4 Armour
 + Level 2.7 Dodging
 - Level 2.1 Stealth
 + Level 8.2 Unarmed Combat


You had 6 spell levels left.
You didn't know any spells.

Dungeon Overview and Level Annotations

Branches:
Dungeon (6/15)             Temple (1/1) D:6

Altars:
Ashenzari
Cheibriados
Elyvilon
Fedhas
Kikubaaqudgha
Nemelex Xobeh
Qazlal
Sif Muna
Trog
Vehumet
Xom
Yredelemnul
The Shining One


Innate Abilities, Weirdness & Mutations

You are resistant to torment.
Your stone body is resilient (AC +4).
You are immune to poison.
You resist negative energy.
You are resistant to electric shocks.
You can survive without breathing.
You are immune to petrification.
You are immune to rotting.


Message History

The orc hits you but does no damage.
You sock the orc!
You kill the orc!
Cheibriados thoroughly appreciates the change of pace.
The orc misses you.
Unknown command.
You closely miss the orc.
Your surroundings suddenly seem different.
An orc priest comes into view. It is wielding a hand axe.
The orc priest shouts!
An orc comes into view. It is wielding a dagger of speed.
The orc shouts!
The orc picks up 6 tomahawks.
The orc closely misses you. The orc hits you but does no damage.
The orc misses you. 2 orcs come into view.
You barely miss the orc priest. The orc hits you but does no damage.
The orc misses you. The orc hits you but does no damage.
The orc priest calls down the wrath of Beogh upon you.
Something smites you!
You die...

. ... ....
.....#########
..............#
#...@o....#
#..ooo....#
#.........#
#.........#
#.........#
#.........#
#.........
#........ ...


You could see an orc priest and 3 orcs.

Vanquished Creatures
  2 ogres
  A giant frog (D:6)
  A scorpion (D:5)
  A centaur zombie (D:5)
  A jelly (D:6)
  2 crimson imps (D:5)
  Ijyb (D:2)
  An orc wizard (D:5)
  2 worker ants
  An iguana (D:5)
  2 adders
  An adder skeleton (D:5)
  2 giant geckos
  8 orcs
  4 bats
  A bat skeleton (D:4)
  2 giant cockroaches (D:4)
  A hobgoblin (D:5)
  An ooze (D:4)
  A giant newt (D:3)
  4 goblins
  7 kobolds
  3 rats
50 creatures vanquished.

Notes
Turn   | Place    | Note
--------------------------------------------------------------
     0 | D:1      | inmateoo, the Gargoyle Monk, began the quest for the Orb.
     0 | D:1      | Reached XP level 1. HP: 14/14 MP: 1/1
    38 | D:2      | Noticed Ijyb
    58 | D:2      | Killed Ijyb
    58 | D:2      | Reached skill level 5 in Unarmed Combat
    58 | D:2      | Reached XP level 2. HP: 13/19 MP: 2/2
    58 | D:2      | Reached XP level 3. HP: 15/23 MP: 3/3
   353 | D:4      | Reached XP level 4. HP: 28/28 MP: 4/4
   641 | D:4      | Noticed an ogre
   683 | D:5      | Entered Level 5 of the Dungeon
   691 | D:5      | Reached skill level 6 in Unarmed Combat
   691 | D:5      | Reached XP level 5. HP: 27/32 MP: 5/5
   879 | D:5      | Noticed an ogre
   893 | D:5      | Killed an ogre
   900 | D:5      | Reached skill level 7 in Unarmed Combat
   922 | D:5      | Reached XP level 6. HP: 24/37 MP: 6/6
  1366 | D:5      | Reached skill level 8 in Unarmed Combat
  1442 | D:6      | Reached XP level 7. HP: 33/41 MP: 7/7
  1500 | D:6      | Found a staircase to the Ecumenical Temple.
  1509 | Temple   | Entered the Ecumenical Temple
  1567 | Temple   | Became a worshipper of Cheibriados the Contemplative
  1567 | Temple   | Acquired Cheibriados's first power
  1681 | D:4      | Killed an ogre
  1681 | D:4      | Reached skill level 1 in Armour
  1935 | D:3      | Killed from afar by an orc priest

Action                   |  1- 3 |  4- 6 |  7- 9 || total
-------------------------+-------+-------+-------++-------
Melee: Unarmed           |    27 |       |       ||    27
       Flail             |    17 |   189 |    40 ||   246
  Use: Scroll            |       |       |     3 ||     3
       Potion            |       |       |     3 ||     3
 Stab: Sleeping          |     1 |       |       ||     1
  Eat: Chunk             |       |     1 |     2 ||     3
